APL (24 & UNDER)
NASHUA REDLEGS @ EL PASO TEXANS
09/17/2029
 
TOP OF THE 1ST
Nashua Redlegs batting - Pitching for El Paso Texans : RHP António Lara
Pitching: RHP António Lara
Batting: RHB José Luján 0-0: Ball
1-0: Fly out, F7 (Flyball, 7S)
Batting: RHB Ánibal Barrios 0-0: Called Strike
0-1: Foul Ball, location: 2F
0-2: Fly out, F7 (Flyball, 7LMF)
Batting: RHB Jorge Valenzuela 0-0: Ball
1-0: Called Strike
1-1: Ball
2-1: Fly out, F9 (Line Drive, 9)
Top of the 1st over - 0 runs, 0 hits, 0 errors, 0 left on base; Nashua 0 - El Paso 0
BOTTOM OF THE 1ST
El Paso Texans batting - Pitching for Nashua Redlegs : LHP Emory Contreras
Pitching: LHP Emory Contreras
Batting: LHB Mark Spencer 0-0: Ball
1-0: Swinging Strike
1-1: Foul Ball, location: 2F
1-2: Strikes out looking
Batting: SHB Oliver Riley 0-0: Ball
1-0: Ball
2-0: Foul Ball, location: 2F
2-1: SOLO HOME RUN (Flyball, 7LD), Distance : 377 ft
Batting: LHB Cipriano Rangel 0-0: Ball
1-0: Ball
2-0: Foul Ball, location: 2F
2-1: Called Strike
2-2: Foul Ball, location: 2F
2-2: Foul Ball, location: 2F
2-2: Fly out, F6 (Popup, 6MS)
Batting: RHB José Murillo 0-0: Called Strike
0-1: Ball
1-1: Foul Ball, location: 2F
1-2: DOUBLE (Groundball, 5L)
Batting: SHB António Cervantes 0-0: Called Strike
0-1: Called Strike
0-2: Strikes out looking
Bottom of the 1st over - 1 run, 2 hits, 0 errors, 1 left on base; Nashua 0 - El Paso 1
TOP OF THE 2ND
Nashua Redlegs batting - Pitching for El Paso Texans : RHP António Lara
Batting: RHB Clancy Castro 0-0: Swinging Strike
0-1: Ball
1-1: Ball
2-1: Ball
3-1: Swinging Strike
3-2: SINGLE (Groundball, 6MD)
Batting: LHB Johăo Pereirinha 0-0: Swinging Strike
0-1: Ball
1-1: Ball
2-1: Foul Ball, location: 2F
2-2: Grounds into double play, 6-4-3 (Groundball, 6MD)
Batting: RHB José García 0-0: Ball
1-0: Swinging Strike
1-1: Called Strike
1-2: Strikes out swinging
Top of the 2nd over - 0 runs, 1 hit, 0 errors, 0 left on base; Nashua 0 - El Paso 1
BOTTOM OF THE 2ND
El Paso Texans batting - Pitching for Nashua Redlegs : LHP Emory Contreras
Batting: LHB John Fitzgerald 0-0: Called Strike
0-1: Called Strike
0-2: Foul Ball, location: 2F
0-2: Ball
1-2: SINGLE (Groundball, 3D)
Batting: RHB Rafael Crus 0-0: Ball
1-0: Called Strike
1-1: Ball
2-1: Ground out 6-3 (Groundball, 6M)
John Fitzgerald to second
Batting: RHB Gabriel Santana 0-0: Called Strike
0-1: SINGLE (Groundball, 6MD)
John Fitzgerald to third
Batting: SHB Miguel Hurtado 0-0: Ball
1-0: Foul Ball, location: 2F
1-1: Called Strike
1-2: 3-RUN HOME RUN (Flyball, 7D), Distance : 407 ft
Batting: LHB Mark Spencer 0-0: Ball
1-0: Called Strike
1-1: Fly out, F9 (Line Drive, 89M)
Batting: SHB Oliver Riley 0-0: Ball
1-0: Ball
2-0: Called Strike
2-1: Foul Ball, location: 2F
2-2: Ball
3-2: Base on Balls
Batting: LHB Cipriano Rangel 0-0: Called Strike
0-1: Fly out, F4 (Popup, 4)
Bottom of the 2nd over - 3 runs, 3 hits, 0 errors, 1 left on base; Nashua 0 - El Paso 4
TOP OF THE 3RD
Nashua Redlegs batting - Pitching for El Paso Texans : RHP António Lara
Batting: RHB Jesús Heredia 0-0: Called Strike
0-1: Ball
1-1: Ball
2-1: Swinging Strike
2-2: SINGLE (Groundball, 4MD)
Batting: RHB José Zumaya 0-0: Ball
1-0: Called Strike
1-1: Ball
2-1: SINGLE (Flyball, 89S)
Jesús Heredia to second
Runner from 2nd tries for 3rd, SAFE, no throw
Batting: RHB Steve Murphy 0-0: Swinging Strike
0-1: Swinging Strike
0-2: Fly out, F8 (Flyball, 8LD)
Runner from 3rd tags up, SCORES, throw made
Batting: RHB José Luján 0-0: Called Strike
0-1: Foul Ball, location: 2F
0-2: SINGLE (Groundball, 56) (infield hit)
José Zumaya to second
Batting: RHB Ánibal Barrios 0-0: Ball
1-0: SINGLE (Groundball, 6M) (infield hit)
José Zumaya to third
José Luján to second
Batting: RHB Jorge Valenzuela 0-0: Ball
1-0: Called Strike
1-1: Called Strike
1-2: SINGLE (Flyball, 78S)
José Zumaya scores
José Luján to third
Ánibal Barrios to second
Runner from 3rd tries for Home, SAFE, no throw
Batting: RHB Clancy Castro 0-0: Hit by Pitch
Ánibal Barrios to third
Jorge Valenzuela to second
Batting: LHB Johăo Pereirinha 0-0: DOUBLE (Groundball, 3L)
Ánibal Barrios scores
Jorge Valenzuela scores
Clancy Castro to third
Runner from 3rd tries for Home, SAFE, no throw
Batting: RHB José García 0-0: Fly out, F6 (Line Drive, 6)
Batting: RHB Jesús Heredia 0-0: Called Strike
0-1: Ball
1-1: Ball
2-1: Ball
3-1: Base on Balls
Batting: RHB José Zumaya 0-0: Called Strike
0-1: Ground out U3 (Groundball, 34S)
Top of the 3rd over - 6 runs, 6 hits, 0 errors, 2 left on base; Nashua 6 - El Paso 4
BOTTOM OF THE 3RD
El Paso Texans batting - Pitching for Nashua Redlegs : LHP Emory Contreras
Batting: RHB José Murillo 0-0: Ball
1-0: Foul Ball, location: 2F
1-1: Ball
2-1: Called Strike
2-2: Ball
3-2: Foul Ball, location: 2F
3-2: Foul Ball, location: 2F
3-2: Strikes out swinging
Batting: SHB António Cervantes 0-0: Called Strike
0-1: Swinging Strike
0-2: Strikes out looking
Batting: LHB John Fitzgerald 0-0: Foul Ball, location: 2F
0-1: Fly out, F4 (Line Drive, 4)
Bottom of the 3rd over - 0 runs, 0 hits, 0 errors, 0 left on base; Nashua 6 - El Paso 4
TOP OF THE 4TH
Nashua Redlegs batting - Pitching for El Paso Texans : RHP António Lara
Batting: RHB Steve Murphy 0-0: Called Strike
0-1: SINGLE (Line Drive, 4M)
Batting: RHB José Luján 0-0: Ball
1-0: Ball
2-0: Ball
3-0: Base on Balls
Steve Murphy to second
Pitching: RHP Derek Baker
Batting: RHB Ánibal Barrios 0-0: Ball
1-0: Fielders Choice at 2nd, 6-4 (Groundball, 6)
Steve Murphy to third
Batting: RHB Jorge Valenzuela 0-0: Called Strike
0-1: Ball
1-1: Ball
2-1: Foul Ball, location: 2F
2-2: Fly out, F8 (Flyball, 89M)
Batting: RHB Clancy Castro 0-0: Called Strike
Ánibal Barrios steals 2nd base
0-1: Called Strike
0-2: Ball
1-2: Foul Ball, location: 2F
1-2: SINGLE (Line Drive, 7S)
Steve Murphy scores
Ánibal Barrios to third
Runner from 3rd tries for Home, SAFE, throw made home
Batting: LHB Johăo Pereirinha 0-0: Called Strike
0-1: Called Strike
0-2: Strikes out swinging
Top of the 4th over - 2 runs, 2 hits, 0 errors, 1 left on base; Nashua 8 - El Paso 4
BOTTOM OF THE 4TH
El Paso Texans batting - Pitching for Nashua Redlegs : LHP Emory Contreras
Batting: RHB Rafael Crus 0-0: Ball
1-0: Ball
2-0: Ground out 5-3 (Groundball, 5S)
Batting: RHB Gabriel Santana 0-0: Called Strike
0-1: Called Strike
0-2: Ball
1-2: Strikes out swinging
Batting: SHB Miguel Hurtado 0-0: Fly out, F7 (Flyball, 78S)
Bottom of the 4th over - 0 runs, 0 hits, 0 errors, 0 left on base; Nashua 8 - El Paso 4
TOP OF THE 5TH
Nashua Redlegs batting - Pitching for El Paso Texans : RHP Derek Baker
Batting: RHB José García 0-0: Swinging Strike
0-1: Fly out, F9 (Flyball, 9LM)
Batting: RHB Jesús Heredia 0-0: Ball
1-0: Called Strike
1-1: Fly out, F4 (Popup, 23)
Batting: RHB José Zumaya 0-0: Swinging Strike
0-1: Foul Ball, location: 2F
0-2: Strikes out swinging
Top of the 5th over - 0 runs, 0 hits, 0 errors, 0 left on base; Nashua 8 - El Paso 4
BOTTOM OF THE 5TH
El Paso Texans batting - Pitching for Nashua Redlegs : LHP Emory Contreras
Batting: LHB Mark Spencer 0-0: Called Strike
0-1: Swinging Strike
0-2: Ground out 4-3 (Groundball, 4MS)
Batting: SHB Oliver Riley 0-0: Called Strike
0-1: Ball
1-1: Foul Ball, location: 2F
1-2: Ball
2-2: Strikes out swinging
Batting: LHB Cipriano Rangel 0-0: Swinging Strike
0-1: Ground out 4-3 (Groundball, 4S)
Bottom of the 5th over - 0 runs, 0 hits, 0 errors, 0 left on base; Nashua 8 - El Paso 4
TOP OF THE 6TH
Nashua Redlegs batting - Pitching for El Paso Texans : RHP Derek Baker
Batting: RHB Steve Murphy 0-0: Ball
1-0: Ball
2-0: Called Strike
2-1: Foul Ball, location: 2F
2-2: Foul Ball, location: 2F
2-2: Ball
3-2: Strikes out swinging
Batting: RHB José Luján 0-0: Called Strike
0-1: Ground out 6-3 (Groundball, 56)
Batting: RHB Ánibal Barrios 0-0: Called Strike
0-1: Called Strike
0-2: Ball
1-2: Strikes out swinging
Top of the 6th over - 0 runs, 0 hits, 0 errors, 0 left on base; Nashua 8 - El Paso 4
BOTTOM OF THE 6TH
El Paso Texans batting - Pitching for Nashua Redlegs : LHP Emory Contreras
Batting: RHB José Murillo 0-0: Ball
1-0: Ball
2-0: Ball
3-0: Called Strike
3-1: Called Strike
3-2: Strikes out swinging
Batting: SHB António Cervantes 0-0: Ball
1-0: Ball
2-0: Foul Ball, location: 2F
2-1: Ball
3-1: Foul Ball, location: 2F
3-2: Fly out, F9 (Flyball, 9LS)
Batting: LHB John Fitzgerald 0-0: Ball
1-0: Swinging Strike
1-1: SOLO HOME RUN (Line Drive, 9D), Distance : 394 ft
Pitching: LHP Alberto Ledezma
Batting: RHB Rafael Crus 0-0: Foul Ball, location: 2F
0-1: Ball
1-1: Ball
2-1: Ground out 4-3 (Groundball, 4)
Bottom of the 6th over - 1 run, 1 hit, 0 errors, 0 left on base; Nashua 8 - El Paso 5
TOP OF THE 7TH
Nashua Redlegs batting - Pitching for El Paso Texans : RHP Derek Baker
Batting: RHB Jorge Valenzuela 0-0: Called Strike
0-1: Foul Ball, location: 2F
0-2: Ground out 4-3 (Groundball, 4S)
Batting: RHB Clancy Castro 0-0: Fly out, F7 (Line Drive, 7LM)
Batting: LHB Johăo Pereirinha 0-0: Ball
1-0: Called Strike
1-1: Ball
2-1: Ground out 1-3 (Groundball, P)
Top of the 7th over - 0 runs, 0 hits, 0 errors, 0 left on base; Nashua 8 - El Paso 5
BOTTOM OF THE 7TH
El Paso Texans batting - Pitching for Nashua Redlegs : LHP Alberto Ledezma
Now at 3B: Harry Wilkins
Now at SS: John Newman
Batting: RHB Gabriel Santana 0-0: Foul Ball, location: 2F
0-1: Foul Ball, location: 2F
0-2: Ball
1-2: Foul Ball, location: 2F
1-2: Ball
2-2: Ball
3-2: Foul Ball, location: 2F
3-2: Base on Balls
Batting: SHB Miguel Hurtado 0-0: Ball
1-0: Ball
2-0: Ball
3-0: Base on Balls
Gabriel Santana to second
Batting: LHB Mark Spencer 0-0: Ball
1-0: Sac Bunt - play at first, batter OUT! 3-4
Gabriel Santana to third
Miguel Hurtado to second
Batting: SHB Oliver Riley 0-0: Called Strike
0-1: Ball
1-1: Ball
2-1: Called Strike
2-2: Ball
3-2: Foul Ball, location: 2F
3-2: SINGLE (Groundball, 5D)
Gabriel Santana scores
Miguel Hurtado to third
Runner from 3rd tries for Home, SAFE, no throw
Pinch Hitting: RHB Jim MacAchounich 0-0: Ball
1-0: Called Strike
1-1: Ball
2-1: Grounds into double play, 5-4-3 (Groundball, 56)
Bottom of the 7th over - 2 runs, 1 hit, 0 errors, 0 left on base; Nashua 8 - El Paso 7
TOP OF THE 8TH
Nashua Redlegs batting - Pitching for El Paso Texans : RHP Derek Baker
Now in LF: Jim MacAchounich
Batting: RHB José García 0-0: Ball
1-0: Called Strike
1-1: Ball
2-1: Fly out, F7 (Line Drive, 7LM)
Batting: RHB Jesús Heredia 0-0: Called Strike
0-1: Ball
1-1: Fly out, F7 (Line Drive, 7)
Batting: RHB José Zumaya 0-0: Called Strike
0-1: Ball
1-1: Ground out 6-3 (Groundball, 6D)
Top of the 8th over - 0 runs, 0 hits, 0 errors, 0 left on base; Nashua 8 - El Paso 7
BOTTOM OF THE 8TH
El Paso Texans batting - Pitching for Nashua Redlegs : LHP Alberto Ledezma
Pitching: RHP Ángel Morán
Now at C: Carlos Villagrama
Batting: RHB José Murillo 0-0: Ball
1-0: Called Strike
1-1: Ball
2-1: Ball
3-1: Ground out 5-3 (Groundball, 56)
Batting: SHB António Cervantes 0-0: Ball
1-0: Ground out 5-3 (Groundball, 56)
Batting: LHB John Fitzgerald 0-0: Ball
1-0: SINGLE (Groundball, 4M)
Pinch Runner at 1st Stephen Black:
Batting: RHB Rafael Crus 0-0: Ball
1-0: Foul Ball, location: 2F
1-1: Swinging Strike
1-2: Ball
2-2: Strikes out swinging
Bottom of the 8th over - 0 runs, 1 hit, 0 errors, 1 left on base; Nashua 8 - El Paso 7
TOP OF THE 9TH
Nashua Redlegs batting - Pitching for El Paso Texans : RHP Derek Baker
Batting: RHB Steve Murphy 0-0: Ball
1-0: Ball
2-0: Ball
3-0: Called Strike
3-1: Foul Ball, location: 2F
3-2: Base on Balls
Batting: RHB José Luján 0-0: Foul Ball, location: 2F
0-1: Called Strike
0-2: Ball
1-2: Ground out 5-3 (Groundball, 25)
Steve Murphy to second
Batting: RHB John Newman 0-0: Ball
Steve Murphy steals 3rd base
1-0: Foul Ball, location: 2F
1-1: Ball
2-1: Foul Ball, location: 2F
2-2: Strikes out swinging
Batting: RHB Jorge Valenzuela 0-0: Called Strike
0-1: Foul Ball, location: 2F
0-2: Foul Ball, location: 2F
0-2: Foul Ball, location: 2F
0-2: Fly out, F6 (Popup, 15)
Top of the 9th over - 0 runs, 0 hits, 0 errors, 1 left on base; Nashua 8 - El Paso 7
BOTTOM OF THE 9TH
El Paso Texans batting - Pitching for Nashua Redlegs : RHP Ángel Morán
Pitching: RHP Mike Green
Pinch Hitting: LHB Dave Tucker 0-0: Called Strike
0-1: Ball
1-1: Foul Ball, location: 2F
1-2: Ball
2-2: Ground out 6-3 (Groundball, 6S)
Pinch Hitting: LHB Ramón Chávez 0-0: Ball
1-0: Ball
2-0: Ball
3-0: Foul Ball, location: 2F
3-1: Foul Ball, location: 2F
3-2: Foul Ball, location: 2F
3-2: Base on Balls
Pinch Runner at 1st Ralph McCullum:
Batting: LHB Mark Spencer 0-0: Ball
1-0: Fly out, F9 (Flyball, 89D)
Batting: SHB Oliver Riley 0-0: Ball
1-0: Ground out 4-3 (Groundball, 4)
Bottom of the 9th over - 0 runs, 0 hits, 0 errors, 1 left on base; Nashua 8 - El Paso 7
Saturday, December 16th, 2017 - OOTP Baseball 18.8 Build 76